AoeStats
← Sample Text

MegaRandom

509556567Analyzed
3v3 RM · 6d ago on Sep 27, 2026· 62m 16s· 6 players
Game mode
Random Map
Map size
Normal (6 player)
Population
200
Speed
Normal
Resources
Standard
Victory
Conquest
Starting age
Dark Age
Ending age
Imperial Age
RankedLock teamsTeams togetherTeam positionsShared explorationLock speedFull tech treeHidden civsTurbo modeCheats
Victory
Defeat
🇬🇧 Celts · United Kingdom
1065
+17
🇨🇳 Bulgarians · China
906
+40
🇨🇳 Magyars · China
886
+23
🇦🇺 Hindustanis · Australia
1092
-22
🇦🇺 Danes · Australia
1063
-21
🇦🇺 Georgians · Australia
1047
-20
leeroy kentins
3:27 Loom
10:46 Feudal Age
11:46 Double-Bit Axe
13:32 Fishing Lines
17:43 Castle Age
17:45 Wheelbarrow
19:12 Bow Saw
19:14 Stone Mining
19:09 Horse Collar
20:30 Gillnets
22:05 Hand Cart
23:09 Forging
23:06 Pikeman
24:03 Scale Mail Armor
25:00 Arson
25:53 Iron Casting
28:37 Fletching
38:21 Chain Mail Armor
41:07 Imperial Age
41:26 Bodkin Arrow
41:20 Gambesons
42:41 Medium Warships
41:57 Capped Ram
42:40 Gold Mining
43:25 Stone Shaft Mining
42:50 Town Watch
43:53 Heavy Warships
45:00 Padded Archer Armor
46:03 Blast Furnace
45:33 Plate Mail Armor
45:37 Conscription
46:37 Ballistics
47:18 Chemistry
46:43 Ballistics
47:17 Padded Archer Armor
47:23 Scale Barding Armor
47:20 Heavy Plow
48:13 Halberdier
50:32 Elite Woad Raider
51:07 Man-at-Arms
59:50 Siege Ram
61:25 Spies/Treason
llxhc
5:10 Loom
11:56 Feudal Age
16:27 Castle Age
14:27 Double-Bit Axe
17:38 Fishing Lines
18:43 Bow Saw
19:26 Horse Collar
23:24 Town Watch
24:38 Heavy Plow
25:07 Husbandry
25:17 Bloodlines
26:59 Gold Mining
31:06 Imperial Age
30:21 Scale Barding Armor
31:21 Chain Barding Armor
32:25 Plate Barding Armor
31:44 Cavalier
33:21 Padded Archer Armor
33:43 Conscription
33:30 Corvinian Army
35:03 Town Patrol
35:08 Paladin
38:40 Wheelbarrow
38:17 Elite Magyar Huszar
40:22 Gold Shaft Mining
40:34 Crop Rotation
44:10 Leather Archer Armor
43:58 Recurve Bow
44:22 Ballistics
44:12 Masonry
43:43 Treadmill Crane
44:37 Hand Cart
53:40 Ring Archer Armor
53:00 Fletching
55:11 Parthian Tactics
54:07 Heavy Cavalry Archer
56:39 Bodkin Arrow
56:57 Scale Mail Armor
58:00 Chemistry
3690186292
7:52 Loom
9:54 Feudal Age
10:28 Double-Bit Axe
10:25 Horse Collar
21:45 Castle Age
20:53 Fletching
21:37 Bloodlines
23:31 Bow Saw
23:22 Heavy Plow
24:57 Medium Warships
25:21 Scale Mail Armor
25:15 Gold Mining
25:17 Stone Mining
26:13 Padded Archer Armor
27:25 Gambesons
27:52 Scale Barding Armor
29:22 Wheelbarrow
30:44 Town Watch
35:42 Imperial Age
33:19 Elite Skirmisher
34:07 Husbandry
34:09 Squires
34:11 Bodkin Arrow
35:26 Hand Cart
36:21 Forging
36:53 Crop Rotation
36:16 Cavalier
37:21 Conscription
37:27 Bracer
38:34 Stirrups
39:58 Thumb Ring
40:42 Chain Barding Armor
41:02 Iron Casting
40:53 Ballistics
41:36 Chemistry
40:30 Fishing Lines
42:37 Plate Barding Armor
42:58 Gillnets
43:04 Heated Shot
43:28 Masonry
45:41 Blast Furnace
44:58 Chain Mail Armor
51:22 Architecture
51:33 Plate Mail Armor
51:21 Leather Archer Armor
53:25 Heavy Cavalry Archer
56:53 Parthian Tactics
59:41 Bagains
Sample Text
10:24 Loom
12:40 Feudal Age
13:34 Double-Bit Axe
17:42 Castle Age
16:57 Fishing Lines
17:12 Stone Mining
18:44 Bow Saw
22:46 Fletching
26:57 Bodkin Arrow
29:53 Thumb Ring
30:15 Gold Mining
31:33 Wheelbarrow
31:18 Padded Archer Armor
31:44 Ballistics
31:37 Horse Collar
33:17 Squires
35:50 Imperial Age
33:37 Hand Cart
33:38 Gambesons
33:56 Scale Mail Armor
34:07 Forging
35:58 Chain Mail Armor
36:20 Iron Casting
35:52 Elite Varangian Guard
36:08 Hamask
37:46 Plate Mail Armor
37:33 Heavy Plow
37:38 Arson
39:15 Blast Furnace
38:59 Capped Ram
40:46 Conscription
40:13 Siege Ram
44:43 Bracer
46:53 Gold Shaft Mining
46:09 Pikeman
48:21 Northmen's Fury
49:34 Leather Archer Armor
49:04 Halberdier
NaughtyBoy
11:46 Feudal Age
16:47 Castle Age
15:32 Double-Bit Axe
15:45 Horse Collar
16:37 Loom
17:30 Wheelbarrow
26:17 Hand Cart
27:59 Pikeman
28:26 Gambesons
28:59 Bow Saw
29:41 Bloodlines
33:19 Imperial Age
31:30 Scale Mail Armor
32:49 Gold Mining
32:50 Stone Mining
33:05 Heavy Plow
34:16 Cavalier
34:56 Husbandry
36:10 Scale Barding Armor
36:15 Forging
38:59 Chain Barding Armor
42:13 Halberdier
44:19 Iron Casting
47:02 Light Cavalry
53:01 Hussar
54:45 Chain Mail Armor
55:21 Plate Barding Armor
55:47 Blast Furnace
Big J
7:32 Loom
10:46 Feudal Age
21:51 Castle Age
20:14 Fishing Lines
22:11 Bloodlines
22:37 Horse Collar
25:24 Scale Barding Armor
25:31 Forging
28:41 Gold Mining
28:42 Stone Mining
32:18 Double-Bit Axe
33:09 Gillnets
37:12 Wheelbarrow
38:30 Bow Saw
Connection lost

Rejoining the realm…

Still unreachable

The connection could not be restored.

Session expired

The server has moved on; the page needs a fresh start.